 Dungeon Crawl Stone Soup version 0.22-a0-412-g2b68d14 (webtiles) character file.

1386 nikopol the Shield-Bearer (level 8, -1/48 HPs)
             Began as a Gargoyle Fighter on May 12, 2018.
             Was a Follower of Okawaru.
             Slain by Duvessa
             ... wielding a +0 short sword
              (4 damage)
             ... on level 7 of the Dungeon.
             The game lasted 00:19:41 (5743 turns).

nikopol the Shield-Bearer (Gargoyle Fighter)        Turns: 5743, Time: 00:19:42

Health: -1/48      AC: 16    Str: 22    XL:     8   Next: 67%
Magic:  8/8        EV:  9    Int:  8    God:    Okawaru [*.....]
Gold:   238        SH: 10    Dex: 10    Spells: 7/7 levels left

rFire    . . .     SeeInvis .   l - +2 club
rCold    . . .     Gourm    .   c - +0 shield
rNeg     + . .     Faith    .   b - +0 scale mail
rPois    ∞         Spirit   .   (no helmet)
rElec    +         Reflect  .   i - +0 cloak
rCorr    .         Harm     .   m - +1 pair of gloves
MR       .....     Rnd*Tele +   (no boots)
Stlth    ..........             (no amulet)
HPRegen  0.16/turn              k - ring of poison resistance (curse)
MPRegen  0.11/turn              s - ring of teleportation (curse)

@: no status effects
A: negative energy resistance 1, electricity resistance, unbreathing,
petrification resistance, rot immunity, AC +5
a: Heroism, Renounce Religion


You were on level 7 of the Dungeon.
You worshipped Okawaru.
Okawaru was aware of your devotion.
You were not hungry.

You visited 2 branches of the dungeon, and saw 8 of its levels.

You collected 238 gold pieces.

Inventory:

Hand Weapons
 a - a +0 war axe
 l - a +2 club (weapon)
Armour
 b - a +0 scale mail (worn)
 c - a +0 shield (worn)
 i - a +0 cloak (worn)
 m - a +1 pair of gloves (worn)
Jewellery
 k - a cursed ring of poison resistance (left hand)
 r - a +4 ring of intelligence
 s - a cursed ring of teleportation (right hand)
 v - an uncursed ring of protection from cold {unknown}
 y - an uncursed ring of protection from cold {unknown}
Wands
 o - a wand of iceblast (13)
 q - a wand of random effects (15)
Scrolls
 d - a scroll of blinking {unknown}
 g - a scroll of amnesia {unknown}
 h - a scroll of magic mapping {unknown}
 j - a scroll of fear {unknown}
 n - 2 scrolls of identify
 t - a scroll of remove curse {unknown}
 u - a scroll of teleportation {unknown}
 x - a scroll of enchant weapon {unknown}
Comestibles
 f - 9 rations
 w - 4 chunks of flesh


   Skills:
 + Level 4.7 Fighting
 + Level 3.0(4.3) Axes
 + Level 5.1(5.6) Maces & Flails
 + Level 5.4 Armour
 + Level 2.9 Dodging
 + Level 0.5 Stealth
 + Level 6.7 Shields


You had 7 spell levels left.
You didn't know any spells.
Your spell library was empty.

Dungeon Overview and Level Annotations

Branches:
Dungeon (7/15)             Temple (1/1) D:4

Altars:
Ashenzari
Cheibriados
Dithmenos
Elyvilon
Fedhas
Gozag
Hepliaklqana
Makhleb
Nemelex Xobeh
Okawaru
Qazlal
Ru
Sif Muna
Trog
Uskayaw
Wu Jian
Xom
Yredelemnul
Zin
The Shining One

Annotations:
D:4 Borgoz's ghost, amateur GrAK
D:6 Eustachio
D:7 Dowan; Duvessa


Innate Abilities, Weirdness & Mutations

You are resistant to torment.
Your stone body is resilient. (AC +5)
You are immune to poison.
You resist negative energy. (rN+)
You are resistant to electric shocks. (rElec)
You can survive without breathing.
You are immune to petrification.
You are immune to rotting.


Message History

* * * LOW HITPOINT WARNING * * *
You hit Dowan.
Dowan is heavily wounded.
You block Dowan's attack. You block Duvessa's attack.
You barely miss Dowan.
Dowan is heavily wounded.
Dowan hits you but does no damage. Duvessa hits you but does no damage.
You barely miss Dowan.
Dowan is heavily wounded.
Dowan hits you but does no damage. Duvessa hits you but does no damage.
You closely miss Dowan.
Dowan is heavily wounded.
Dowan casts a spell at you. The puff of frost hits you!
Duvessa hits you but does no damage.
Dowan points at you and mumbles some strange words.
The puff of flame hits you!
You closely miss Dowan.
Dowan is heavily wounded.
Duvessa hits you with a short sword.
You die...

#######
#.....#
#.....##
#......#
#..@..##
#?.ee.#
#......#
#.#..###
#.###)#
... .##
#.# . #.
.


You could see Duvessa and Dowan.

Vanquished Creatures
  Sigmund (D:3)
  The ghost of Borgoz the Skirmisher, an amateur GrAK of Lugonu (D:3)
  A phantom (D:3)
  3 centaurs
  2 scorpions (D:4)
  A crimson imp (D:5)
  A jelly (D:7)
  2 orc wizards
  A bullfrog skeleton (D:4)
  An orc priest (D:5)
  Jessica (D:2)
  Ijyb (D:3)
  3 iguanas
  4 worker ants
  Natasha (thrice) (D:4)
  A hound skeleton (D:5)
  4 gnolls (D:7)
  2 adders (D:2)
  A shadow imp (D:5)
  An ooze (D:3)
  An adder zombie (D:7)
  3 adder skeletons
  2 worms
  A dart slug (D:2)
  4 leopard geckos
  14 orcs
  A ball python (D:4)
  4 giant cockroaches
  8 goblins
  8 hobgoblins
  3 jackals (D:3)
  10 quokkas
  6 bats
  5 frilled lizards
  8 kobolds
  3 rats
116 creatures vanquished.

Notes
Turn   | Place    | Note
-------+----------+-------------------------------------------
     0 | D:1      | nikopol the Gargoyle Fighter began the quest for the Orb.
     0 | D:1      | Reached XP level 1. HP: 14/14 MP: 1/1
   378 | D:1      | Reached XP level 2. HP: 17/19 MP: 2/2
   713 | D:2      | Reached XP level 3. HP: 23/23 MP: 3/3
  1178 | D:2      | Noticed Jessica
  1181 | D:2      | Killed Jessica
  1181 | D:2      | Reached XP level 4. HP: 28/29 MP: 4/4
  1349 | D:2      | Found a stormy altar of Qazlal.
  1648 | D:3      | Reached skill level 1 in Dodging
  1696 | D:3      | Noticed Borgoz's ghost (amateur GrAK)
  1720 | D:3      | Killed Borgoz's ghost
  1720 | D:3      | Reached skill level 1 in Maces & Flails
  1720 | D:3      | Reached skill level 4 in Shields
  1720 | D:3      | Reached XP level 5. HP: 17/33 MP: 5/5
  1736 | D:3      | Found a shattered altar of Ashenzari.
  1956 | D:3      | Noticed Ijyb
  1958 | D:3      | Reached XP level 6. HP: 38/38 MP: 6/6
  1991 | D:3      | Killed Ijyb
  2041 | D:3      | Found a hide-covered altar of Uskayaw.
  2048 | D:3      | Found a sparkling altar of Nemelex Xobeh.
  2048 | D:3      | Found a bloodstained altar of Trog.
  2169 | D:3      | Noticed Sigmund
  2194 | D:3      | Killed Sigmund
  2194 | D:3      | Reached skill level 5 in Shields
  2542 | D:3      | Reached XP level 7. HP: 26/42 MP: 7/7
  2753 | D:4      | Noticed Natasha
  2772 | D:4      | Killed Natasha
  2817 | D:4      | Found a staircase to the Ecumenical Temple.
  2826 | Temple   | Entered the Ecumenical Temple
  2904 | Temple   | Became a worshipper of Warmaster Okawaru
  3158 | D:4      | Found a shadowy altar of Dithmenos.
  3201 | D:4      | Noticed Borgoz's ghost (amateur GrAK)
  3494 | D:3      | Reached skill level 5 in Armour
  3900 | D:4      | Reached XP level 8. HP: 48/48 MP: 8/8
  3953 | D:4      | Noticed Natasha
  3961 | D:4      | Killed Natasha
  4050 | D:4      | Noticed Natasha
  4062 | D:4      | Killed Natasha
  4407 | D:5      | Entered Level 5 of the Dungeon
  4493 | D:5      | Reached skill level 6 in Shields
  5546 | D:5      | Reached * piety under Okawaru
  5646 | D:6      | Noticed Eustachio
  5675 | D:7      | Reached skill level 5 in Maces & Flails
  5725 | D:7      | Noticed Duvessa
  5725 | D:7      | Noticed Dowan
  5738 | D:7      | HP: 2/48 [Duvessa/short sword (8)]
  5743 | D:7      | Slain by Duvessa

Vault maps used:
D:1:      lightli_arrival_quake, minmay_tetromino_o4
D:2:      grunt_qazlal_clouds, uniq_jessica
D:3:      ashenzari_conservatory_becter, minitemple, first_ration, uniq_sigmund,
          uniq_ijyb
D:4:      temple_hall, grunt_dithmenos_shadows, uniq_natasha
D:6:      serial_corexii_hall, corexii_hall_statues_t, corexii_hall_statues_i,
          corexii_hall_statues_l, corexii_hall_statues_l,
          minmay_shop_grid_forest, skrybe_limestone_x, uniq_pikel,
          uniq_eustachio
D:7:      nicolae_overflow_hidden_temple, st_stairs_4, grunt_ogre_cave,
          uniq_duvessa, uniq_menkaure
Temple:   nicolae_temple_elliptical

Skill      XL: |  1  2  3  4  5  6  7  8 |
---------------+-------------------------+-----
Axes           | 2 3 |  3.0
Dodging        | 1 2 |  2.9
Maces & Flails | 1 2 4 5 |  5.1
Armour         | 4 5 |  5.4
Shields        | 4 5 6 |  6.7
Fighting       | 4 |  4.7
Stealth        | |  0.5

Action                   |  1- 3 |  4- 6 |  7- 9 || total
-------------------------+-------+-------+-------++-------
Melee: War axe           |   106 |       |       ||   106
       Club              |       |   172 |   555 ||   727
Evoke: Wand              |       |       |     1 ||     1
  Use: Potion            |       |     1 |     2 ||     3
       Scroll            |       |       |     2 ||     2
  Eat: Chunk             |     1 |     5 |     8 ||    14
       Ration            |       |       |     1 ||     1
Armor: Scale mail        |    66 |    75 |   280 ||   421
Dodge: Dodged            |    31 |    39 |   189 ||   259
Block: Shield            |    76 |    93 |   300 ||   469

Table legend:
 A = Spawn XP
 B = Non-spawn XP
 C = Spawn XP percentage of total XP
 D = Spawn monster count
 E = Non-spawn monster count
 F = Spawn count percentage of total count
 G = Total turns spent on level
                    A         B        C        D         E        F      G
               +---------+---------+-------+---------+---------+-------+---------
         Total |       0 |    1981 |   0.0 |       0 |     116 |   0.0 |  5743
               +---------+---------+-------+---------+---------+-------+---------
           D:1 |       0 |      29 |   0.0 |       0 |      18 |   0.0 |   703
           D:2 |       0 |      91 |   0.0 |       0 |      14 |   0.0 |   927
           D:3 |       0 |     694 |   0.0 |       0 |      35 |   0.0 |  1546
           D:4 |       0 |     514 |   0.0 |       0 |      25 |   0.0 |  1061
           D:5 |       0 |     323 |   0.0 |       0 |      14 |   0.0 |  1196
           D:6 |       0 |     115 |   0.0 |       0 |       3 |   0.0 |    65
           D:7 |       0 |     215 |   0.0 |       0 |       7 |   0.0 |    75
               +---------+---------+-------+---------+---------+-------+---------
